 Dungeon Crawl Stone Soup version 0.24.0-13-gcf9b3192b9 (webtiles) character file.

Game seed: 7415682043071729966, levelgen mode: deterministic

4 Aviak the Caller (level 1, 0/15 HPs)
             Began as a Ghoul Summoner on Nov 5, 2019.
             Slain by a hobgoblin (4 damage)
             ... on level 1 of the Dungeon.
             The game lasted 00:00:43 (405 turns).

Aviak the Caller (Ghoul Summoner)                    Turns: 405, Time: 00:00:43

Health: 0/15       AC:  2    Str: 11    XL:     1   Next: 70%
Magic:  0/2        EV: 12    Int: 10    God:
Gold:   36         SH:  0    Dex:  9    Spells: 2/3 levels left

rFire    . . .     SeeInvis .   d - +0 club
rCold    + . .     Gourm    .   (no shield)
rNeg     + + +     Faith    .   a - +0 robe
rPois    ∞         Spirit   .   (no helmet)
rElec    .         Reflect  .   (no cloak)
rCorr    .         Harm     .   (no gloves)
MR       .....                  (no boots)
Stlth    ++........             (no amulet)
HPRegen  0.00/turn              (no ring)
MPRegen  0.08/turn              (no ring)

@: very slightly contaminated, rotting
A: rotting body, claws 1, carnivore, cold resistance 1, negative energy
resistance 3, inhibited regeneration, torment resistance, unbreathing
a: no special abilities


You were on level 1 of the Dungeon.
You were not hungry.

You visited 1 branch of the dungeon, and saw 1 of its levels.

You collected 36 gold pieces.

Inventory:

Hand Weapons
 d - a +0 club (weapon)
Armour
 a - a +0 robe (worn)
Scrolls
 b - a scroll of magic mapping {unknown}
Comestibles
 c - 2 rations
 f - 2 chunks of flesh


   Skills:
 + Level 0.8 Fighting
 + Level 2.0 Dodging
 - Level 2.1 Stealth
 - Level 1.7 Spellcasting
 - Level 3.6 Summonings


You had 2 spell levels left.
You knew the following spells:

 Your Spells              Type           Power        Failure   Level  Hunger
a - Summon Small Mammal   Summ           #...         8%          1    ##.....

Your spell library contained the following spells:

 Spells                   Type           Power        Failure   Level  Hunger
 Call Imp                 Summ           #.......     11%         2    ###....
 Call Canine Familiar     Summ           #.......     22%         3    ####...
 Summon Guardian Golem    Hex/Summ       #.......     43%         3    ####...
 Summon Ice Beast         Ice/Summ       #.......     83%         4    #####..
 Summon Lightning Spire   Summ/Air       #.......     83%         4    #####..


Dungeon Overview and Level Annotations

Branches:
Dungeon (1/15)

Altars:


Innate Abilities, Weirdness & Mutations

Your body is rotting away.
You thrive on raw meat.
You are immune to poison.
You have sharp fingernails.
You are carnivorous and can eat meat at any time.
Your flesh is cold resistant. (rC+)
You are immune to negative energy. (rN+++)
You do not regenerate when monsters are visible.
You are immune to unholy pain and torment.
You can survive without breathing.


Message History

Confirm with . or Enter, or press ? or * to list all spells.
You miscast Summon Small Mammal.
You are very lightly contaminated with residual magic.
Nothing appears to happen.
The hobgoblin hits you.
Casting: Summon Small Mammal (safe; 8% risk of failure)
Confirm with . or Enter, or press ? or * to list all spells.
You miscast Summon Small Mammal.
Strange energies run through your body. The hobgoblin barely misses you.
You barely miss the hobgoblin.
The hobgoblin hits you but does no damage.
The hobgoblin closely misses you.
You barely miss the hobgoblin. The hobgoblin closely misses you.
You hit the hobgoblin.
The hobgoblin is almost dead.
The hobgoblin hits you.
* * * LOW HITPOINT WARNING * * *
You hit the hobgoblin but do no damage.
The hobgoblin is almost dead.
The hobgoblin hits you.
You die...

#.......###....#
##.## #.####.##
#...# .# ##.##
.#..# .. #.)#
#..# #.#.# ..
#.#.# ##.#.#
#.####....###.
#....g@.......
######...#.###
##.##.# #.# #
..# ... ##


You could see a hobgoblin.

Vanquished Creatures
  A kobold (D:1)
  A rat (D:1)
2 creatures vanquished.

Vanquished Creatures (collateral kills)
  A goblin (D:1)
  2 hobgoblins (D:1)
3 creatures vanquished.

Grand Total: 5 creatures vanquished

Notes
Turn   | Place    | Note
-------+----------+-------------------------------------------
     0 | D:1      | Aviak the Ghoul Summoner began the quest for the Orb.
     0 | D:1      | Reached XP level 1. HP: 14/14 MP: 2/2
   405 | D:1      | Slain by a hobgoblin

Levels and vault maps discovered:
D:1:      mushboom_english_gardens, layout_loops_ring

Skill      XL: |  1 |
---------------+----+-----
Dodging        | 2 |  2.0
Fighting       | |  0.8
Stealth        | |  2.1
Spellcasting   | |  1.7
Summonings     | |  3.6

Action                   || total
-------------------------++-------
Melee: Club              ||    22
       Unarmed           ||     4
 Cast: Summon Small Mamm ||     6
 Stab: Sleeping          ||     1
  Eat: Chunk             ||     4
Armor: Robe              ||     5
Dodge: Dodged            ||    17
